 Dungeon Crawl Stone Soup version 0.31.0-4-g52a2dc7128 (webtiles) character file.

Game seed: 7878569508336671261

5119 Sweeb the Covert (level 10, -20/59 (69) HPs)
             Began as an Octopode Conjurer on Jan 23, 2024.
             Was a Priest of Vehumet.
             Demolished by a two-headed ogre
             ... wielding a +0 giant club
              (30 damage)
             ... on level 9 of the Dungeon.
             The game lasted 00:27:05 (9643 turns).

Sweeb the Covert (Octopode Conjurer)                Turns: 9643, Time: 00:27:06

HP:   -20/59 (69)   AC:  4    Str:  6    XL:     10   Next: 58%
MP:   23/32         EV: 23    Int: 27    God:    Vehumet [***...]
Gold: 628           SH:  0    Dex: 23    Spells: 22/26 levels left

rFire   + + .        (no weapon)
rCold   . . .        (no shield)
rNeg    . . .        f - +3 hat of Pondering {ponderous, Will+ MP+10 Int+5}
rPois   .            c - amulet of regeneration
rElec   .            d - +4 ring of slaying
rCorr   .            l - +6 ring of dexterity
SInv    .            q - ring "Wixu Buikku" {rF+ EV+5 Dex+3}
Will    +....        h - ring of protection from fire
Stlth   ++++++       (no ring)
HPRegen 1.09/turn    (no ring)
MPRegen 0.23/turn    (no ring)
                     (no ring)

%: no passive effects
@: heavily drained, slow
A: almost no armour, amphibious, 8 rings, camouflage 1, gelatinous body 1,
(nimble swimmer 1), tentacles
a: Renounce Religion


You were on level 9 of the Dungeon.
You worshipped Vehumet.
Vehumet was most pleased with you.
You visited 2 branches of the dungeon, and saw 10 of its levels.
You also visited: Sewer.

You collected 748 gold pieces.
You spent 120 gold pieces at shops.

Inventory:

Armour
 f - the +3 hat of Pondering (worn) {ponderous, Will+ MP+10 Int+5}
   (You took it off Gastronok on level 8 of the Dungeon)

   Int+5:     It affects your intelligence (+5).
   Will+:     It increases your willpower.
   MP+10:     It affects your magic capacity (+10).
 p - a +0 buckler
Jewellery
 c - an amulet of regeneration (around mantle)
 d - a +4 ring of slaying (left tentacle)
 h - a ring of protection from fire (on tentacle)
 l - a +6 ring of dexterity (right tentacle)
 n - an amulet of guardian spirit
 q - the ring "Wixu Buikku" (on tentacle) {rF+ EV+5 Dex+3}
   (You found it on level 4 of the Dungeon)

   [ring of evasion]

   EV+5:      It affects your evasion (+5).
   Dex+3:     It affects your dexterity (+3).
   rF+:       It protects you from fire.
Wands
 g - a wand of roots (20)
 k - a wand of flame (23)
Scrolls
 i - 2 scrolls of silence
 o - a scroll of vulnerability
 r - a scroll of identify
 u - 2 scrolls of teleportation
 y - a scroll of amnesia
Potions
 a - a potion of magic
 e - a potion of attraction
 j - a potion of enlightenment
 m - 2 potions of berserk rage
 s - a potion of might


   Skills:
 + Level 6.3 Fighting
 + Level 6.7 Dodging
 + Level 9.4 Stealth
 * Level 8.8 Spellcasting
 - Level 4.0 Conjurations
 + Level 5.3 Evocations


You had 22 spell levels left.
You knew the following spells:

 Your Spells              Type           Power      Damage    Failure   Level
a - Magic Dart            Conj           100%       1d8       1%          1
b - Searing Ray           Conj           66%        2d6       1%          2
c - Kiss of Death         Conj/Necr      88%        2d12      1%          1

Your spell library contained the following spells:

 Spells                   Type           Power      Damage    Failure   Level
 Hailstorm                Conj/Ice       22%        3d7       1%          3
 Fulminant Prism          Conj/Alch      11%        3d9       6%          4
 Iskenderun's Mystic Bla  Conj/Tloc      22%        2d6       6%          4
 Ensorcelled Hibernation  Hex/Ice        22%        N/A       8%          2
 Passwall                 Erth           11%        N/A       14%         3
 Summon Ice Beast         Ice/Summ       11%        N/A       14%         3
 Swiftness                Air            11%        N/A       14%         3
 Summon Mana Viper        Hex/Summ       11%        N/A       80%         5
 Monstrous Menagerie      Summ           5%         N/A       100%        7


Dungeon Overview and Level Annotations

Branches:
Dungeon (9/15)             Temple (1/1) D:4           Sewer (visited)
   Lair: D:8-11         Orc: D:9-12

Altars:
Ashenzari
Cheibriados
Dithmenos
Elyvilon
Fedhas
Gozag
Hepliaklqana
Kikubaaqudgha
Makhleb
Nemelex Xobeh
Okawaru
Qazlal
Ru
Sif Muna
Trog
Uskayaw
Vehumet
Wu Jian
Xom
Zin
The Shining One

Shops:
D:3 (   D:6 !

Annotations:
D:6 Jeremiah
D:8 Joseph, Maurice


Innate Abilities, Weirdness & Mutations

You cannot wear most types of armour.
You are amphibious.
You can wear up to eight rings at the same time.
Your skin changes colour to match your surroundings (Stealth+).
Your rubbery body absorbs attacks. (AC +1, EV +1)
((You are camouflaged when in or above water. (Stealth+)))
You have tentacles for arms and can constrict up to eight enemies at once.


Message History

The two-headed ogre is lightly wounded. (Press . to maintain the ray.)
The searing ray hits the two-headed ogre but does no damage.
The two-headed ogre is lightly wounded.
The searing ray hits the two-headed ogre.
The two-headed ogre is lightly wounded.
The searing ray hits the two-headed ogre.
The two-headed ogre is moderately wounded.
You finish channelling your searing ray.
The two-headed ogre misses you. The two-headed ogre closely misses you.
Casting: Searing Ray (safe; 1% risk of failure)
Confirm with . or Enter, or press ? or * to list all spells.
Aiming: Searing Ray (safe; 1% risk of failure)
Press: ? - help, Shift-Dir - straight line, f/p - two-headed ogre
Aim: a two-headed ogre, wielding two +0 giant clubs (moderately wounded, 91% to hit)
The searing ray hits the two-headed ogre!
The two-headed ogre is moderately wounded. (Press . to maintain the ray.)
The two-headed ogre hits you with a +0 giant club!!
The two-headed ogre hits you with a +0 giant club!
The searing ray misses the two-headed ogre.
The searing ray hits the two-headed ogre.
The two-headed ogre is heavily wounded.
The two-headed ogre hits you with a +0 giant club! x2
* * * LOW HITPOINT WARNING * * *
Unknown command.
Okay, then.
Okay, then.
Casting: Searing Ray (safe; 1% risk of failure)
Confirm with . or Enter, or press ? or * to list all spells.
Aiming: Kiss of Death (safe; 1% risk of failure)
Press: ? - help, Shift-Dir - straight line, f/p - two-headed ogre
Aim: a two-headed ogre, wielding two +0 giant clubs (heavily wounded, 100% to hit)
The negative energy hits the two-headed ogre!
The two-headed ogre is drained!
The two-headed ogre is severely wounded.
You feel drained.
The two-headed ogre hits you with a +0 giant club!!
Ouch! That really hurt!
You die...

#. .. .# ##
.## . .. #.
.# #.#####O#
#####.....@.#
(........####
########.#
#.# #.# ##.#
##########..#
.........#.##
########.#.#


You could see a two-headed ogre (drained).

Vanquished Creatures
  Gastronok (D:8)
  Pikel (D:8)
  Sigmund (D:5)
  A wraith (D:9)
  Eustachio (D:5)
  A steam dragon (D:6)
  A water moccasin (D:4)
  3 ice beasts
  A crocodile (Sewer)
  4 ogres
  2 centaurs
  A phantom (D:5)
  3 lemures (D:7)
  2 kobold brigands
  2 bullfrogs
  A brain worm (Sewer)
  Blork the orc (D:5)
  4 scorpions
  3 wights (D:8)
  4 killer bees (D:7)
  2 howler monkeys (D:7)
  A bombardier beetle (D:3)
  3 jellies
  5 orc priests
  Terence (D:3)
  4 hounds
  7 orc wizards
  3 iguanas
  3 gnolls
  7 adders
  A shadow imp (D:5)
  2 white imps
  2 ufetubi (D:5)
  3 ribbon worms
  5 dart slugs
  39 orcs
  10 endoplasms
  8 giant cockroaches
  11 hobgoblins
  7 jackals
  5 quokkas
  4 ball pythons
  8 bats
  2 frilled lizards
  5 goblins
  14 kobolds
  11 rats
211 creatures vanquished.

Notes
Turn   | Place    | Note
-------+----------+-------------------------------------------
     0 | D:1      | Sweeb the Octopode Conjurer began the quest for the Orb.
     0 | D:1      | Reached XP level 1. HP: 11/11 MP: 3/3
   191 | D:1      | Reached XP level 2. HP: 18/18 MP: 0/5
   255 | D:1      | Reached skill level 3 in Stealth
   295 | D:1      | Learned a level 2 spell: Searing Ray
   641 | D:1      | Reached XP level 3. HP: 22/22 MP: 3/6
   677 | D:1      | Reached skill level 1 in Fighting
  1845 | D:2      | Reached XP level 4. HP: 12/28 MP: 0/8
  2335 | D:2      | Found a burning altar of Makhleb.
  2717 | D:3      | Noticed Terence
  2718 | D:3      | Found an ornate altar of the Wu Jian Council.
  2839 | D:3      | Found a blossoming altar of Fedhas.
  2851 | D:3      | Killed Terence
  2852 | D:3      | Reached skill level 4 in Stealth
  2852 | D:3      | Reached XP level 5. HP: 4/34 MP: 3/9
  2930 | D:3      | Found Emmaoseinag's Antique Weapon Emporium.
  2979 | D:3      | Found a hide-covered altar of Uskayaw.
  3182 | D:4      | Noticed a water moccasin
  3188 | D:4      | Killed a water moccasin
  3189 | D:4      | Reached XP level 6. HP: 37/39 MP: 1/11
  3427 | D:4      | Found a glowing drain.
  3445 | Sewer    | Entered a sewer
  3503 | Sewer    | Reached skill level 5 in Stealth
  3503 | Sewer    | Reached XP level 7. HP: 21/45 MP: 7/13
  3653 | D:4      | Found a sparkling altar of Nemelex Xobeh.
  3820 | D:4      | Found a staircase to the Ecumenical Temple.
  3859 | Temple   | Entered the Ecumenical Temple
  3949 | Temple   | Became a worshipper of Vehumet
  4822 | D:4      | Reached skill level 5 in Spellcasting
  4933 | D:4      | Identified the ring "Wixu Buikku" {rF+ EV+5 Dex+3}
  5271 | D:5      | Entered Level 5 of the Dungeon
  5272 | D:5      | Noticed Blork the orc
  5278 | D:5      | Reached skill level 6 in Stealth
  5280 | D:5      | Killed Blork the orc
  5281 | D:5      | Reached XP level 8. HP: 39/53 MP: 7/16
  5545 | D:5      | Noticed Eustachio
  5567 | D:5      | Killed Eustachio
  5568 | D:5      | Reached skill level 1 in Evocations
  5700 | D:5      | Reached * piety under Vehumet
  5700 | D:5      | Offered knowledge of Shock by Vehumet.
  6033 | D:5      | Noticed Sigmund
  6040 | D:5      | Killed Sigmund
  6196 | D:5      | Reached skill level 7 in Stealth
  6325 | D:5      | Reached skill level 5 in Dodging
  6953 | D:6      | You fall into a shaft and drop 1 floor!
  7053 | D:7      | Reached XP level 9. HP: 59/59 MP: 13/18
  7210 | D:6      | Found a sacrificial altar of Ru.
  7507 | D:6      | Noticed Jeremiah
  7677 | D:6      | Reached ** piety under Vehumet
  7678 | D:6      | Reached skill level 5 in Fighting
  7678 | D:6      | Offered knowledge of Kiss of Death by Vehumet.
  7762 | D:6      | Learned a level 1 spell: Kiss of Death
  8009 | D:6      | Reached skill level 8 in Stealth
  8058 | D:6      | Found Holikum's Distillery.
  8066 | D:6      | Bought a potion of might for 40 gold pieces
  8066 | D:6      | Bought a potion of invisibility for 80 gold pieces
  8646 | D:8      | Noticed Pikel
  8658 | D:8      | Noticed Gastronok
  8702 | D:8      | Noticed Maurice
  8839 | D:8      | Killed Gastronok
  8840 | D:8      | Reached skill level 9 in Stealth
  8840 | D:8      | Reached XP level 10. HP: 68/68 MP: 20/22
  8871 | D:8      | Noticed Joseph
  8877 | D:7      | Offered knowledge of Hailstorm by Vehumet.
  9099 | D:8      | Killed Pikel
  9100 | D:8      | Reached skill level 5 in Evocations
  9178 | D:8      | Reached *** piety under Vehumet
  9533 | D:9      | Noticed a two-headed ogre
  9634 | D:9      | Noticed a two-headed ogre
  9643 | D:9      | Demolished by a two-headed ogre

Illustrated notes

Levels and vault maps discovered:
D:1:      minmay_arrival_cross, layout_basic
D:2:      layout_rooms, basic_altar
D:3:      layout_basic, mainiacjoe_overflow_catwalk_spiral,
          amcnicky_altar_gilded, serial_shops, shop, kennysheep_nub,
          uniq_terence
D:4:      layout_cave_pods, nemelex_diamond_rough_becter,
          minmay_temple_entry_stoned_glass, portal_sewer_entry_e
D:5:      layout_basic, uniq_sigmund, uniq_blork_the_orc, uniq_eustachio
D:6:      layout_gridville, nicolae_ru_sacrificial_ziggurat, serial_shops,
          nicolae_shop_industrial_runoff, uniq_jeremiah
D:7:      layout_rooms
D:8:      layout_cave_pools, dk_rats_in_the_wall, uniq_joseph, uniq_maurice,
          uniq_pikel, uniq_gastronok
D:9:      layout_loops_ring
Temple:   lightli_temple_of_artemis

Skill      XL: |  1  2  3  4  5  6  7  8  9 10 |
---------------+-------------------------------+-----
Stealth        | 3 4 5 6 7 9 |  9.4
Fighting       | 1 2 3 4 6 |  6.3
Spellcasting   | 3 4 5 6 8 |  8.8
Dodging        | 3 4 5 6 |  6.7
Evocations     | 2 4 5 |  5.3
Conjurations   | |  4.0

Action                     |  1- 3 |  4- 6 |  7- 9 | 10-12 || total
---------------------------+-------+-------+-------+-------++-------
  Melee: Unarmed           |    40 |    65 |   100 |    29 ||   234
         Constrict         |    10 |    20 |    21 |     5 ||    56
         Tentacles         |     8 |    15 |    28 |    10 ||    61
         Punch             |       |       |     3 |       ||     3
   Cast: Magic Dart        |    59 |    33 |   130 |    27 ||   249
         Searing Ray       |       |     8 |    53 |    21 ||    82
         Kiss of Death     |       |       |       |     1 ||     1
  Evoke: Wand              |       |       |       |     1 ||     1
    Use: Scroll            |     6 |     3 |     6 |     1 ||    16
         Potion            |       |     2 |     8 |     6 ||    16
   Stab: Sleeping          |     3 |     5 |       |       ||     8
 Armour: Skin              |    13 |    38 |    84 |    33 ||   168
  Dodge: Dodged            |    27 |    46 |   196 |    77 ||   346
